 Dungeon Crawl Stone Soup version 0.30-a0-694-g3340775977 (webtiles) character file.

Game seed: 13781277538440669192

83 Alitron123 the Insei (level 4, -3/28 HPs)
             Began as an Octopode Transmuter on Jan 20, 2023.
             Frozen to death by an endoplasm (5 damage)
             ... on level 3 of the Dungeon.
             The game lasted 00:03:45 (2185 turns).

Alitron123 the Insei (Octopode Transmuter)          Turns: 2185, Time: 00:03:45

Health: -3/28      AC:  3    Str:  9    XL:     4   Next: 44%
Magic:  5/7        EV: 13    Int: 17    God:
Gold:   91         SH:  5    Dex: 12    Spells: 4/7 levels left

rFire   . . .      SeeInvis .    f - +0 dagger
rCold   . . .      Faith    .    (no shield)
rNeg    . . .      Spirit   .    l - +2 hat
rPois   .          Reflect  +    i - amulet of reflection
rElec   .          Harm     .    (no ring)
rCorr   .          Rampage  .    (no ring)
Will    .....                    (no ring)
Stlth   +++                      (no ring)
HPRegen 0.24/turn                (no ring)
MPRegen 0.10/turn                (no ring)
                                 (no ring)
                                 (no ring)

@: wereblooded
A: almost no armour, amphibious, 8 rings, camouflage 1, gelatinous body 1,
(nimble swimmer 1), tentacles
a: no special abilities


You were on level 3 of the Dungeon.
You visited 1 branch of the dungeon, and saw 3 of its levels.

You collected 91 gold pieces.

Inventory:

Hand Weapons
 f - a +0 dagger (weapon)
Armour
 l - a +2 hat (worn)
Jewellery
 i - an amulet of reflection (around mantle)
 j - an amulet of the acrobat
Scrolls
 b - a scroll of fear (quivered)
 k - a scroll of silence {unknown}
 m - a scroll of teleportation
Potions
 a - a potion of lignification
 c - 2 potions of curing
 d - a potion of resistance
 e - a potion of haste {unknown}
 g - a potion of ambrosia {unknown}
 h - 2 potions of flight {unknown}


   Skills:
 + Level 1.2 Fighting
 + Level 2.5 Dodging
 + Level 2.5 Stealth
 + Level 0.8 Shields
 + Level 3.9 Unarmed Combat
 + Level 2.1 Spellcasting
 + Level 2.1 Transmutations


You had 4 spell levels left.
You knew the following spells:

 Your Spells              Type           Power      Damage    Failure   Level
a - Beastly Appendage     Tmut           18%        N/A       8%          1
b - Wereblood             Tmut           9%         N/A       12%         2

Your spell library contained the following spells:

 Spells                   Type           Power      Damage    Failure   Level
 Sting                    Tmut/Pois      20%        1d4       12%         1
 Magic Dart               Conj           4%         1d3       19%         1
 Poisonous Vapours        Pois/Air       2%         N/A       28%         2
 Searing Ray              Conj           2%         2d4       28%         2
 Spider Form              Tmut/Pois      5%         N/A       36%         3
 Gell's Gravitas          Tloc           1%         N/A       50%         3
 Teleport Other           Tloc           1%         N/A       50%         3
 Ice Form                 Ice/Tmut       5%         N/A       77%         4
 Fulminant Prism          Conj/Hex       0%         3d5       88%         4
 Olgreb's Toxic Radiance  Pois           1%         N/A       88%         4
 Dispersal                Tloc           0%         N/A       100%        6


Dungeon Overview and Level Annotations

Branches:
Dungeon (3/15)

Altars:


Innate Abilities, Weirdness & Mutations

You cannot wear most types of armour.
You are amphibious.
You can wear up to eight rings at the same time.
Your skin changes colour to match your surroundings (Stealth+).
Your rubbery body absorbs attacks. (AC +1, EV +1)
((You are camouflaged when in or above water. (Stealth+)))
You have tentacles for arms and can constrict up to eight enemies at once.


Message History

You are frozen.
You hit the orc wizard. Your grab misses the orc wizard.
Your squeeze misses the orc wizard.
The orc wizard is lightly wounded.
The orc wizard barely misses you. You block the endoplasm's attack.
You closely miss the orc wizard. Your grab misses the orc wizard.
The orc wizard is lightly wounded.
The orc wizard barely misses you. The orc hits you with a +0 dagger.
The endoplasm completely misses you.
You hit the orc wizard. Your grab misses the orc wizard.
The orc wizard is moderately wounded.
You block the orc wizard's attack. The orc misses you.
The endoplasm barely misses you.
You hit the orc wizard but do no damage.
You grab the orc wizard.
The orc wizard is moderately wounded.
You constrict the orc wizard, but do no damage.
The orc wizard closely misses you. The orc hits you with a +0 dagger.
You block the endoplasm's attack.
You hit the orc wizard but do no damage.
The orc wizard is moderately wounded.
You constrict the orc wizard. The orc wizard closely misses you.
The orc hits you but does no damage. The endoplasm barely misses you.
You hit the orc wizard but do no damage.
You squeeze the orc wizard.
The orc wizard is heavily wounded.
You constrict the orc wizard. The orc wizard misses you.
You block the orc's attack. The endoplasm freezes you.
You are frozen.
* * * LOW HITPOINT WARNING * * *
You hit the orc wizard.
You squeeze the orc wizard, but do no damage.
The orc wizard is severely wounded.
You constrict the orc wizard. You block the orc wizard's attack.
The orc hits you with a +0 dagger.
* * * LOW HITPOINT WARNING * * *
The endoplasm freezes you.
You are frozen.
You die...

.. ###.# # #. #...# #...# # #
#. #...# #.### # . . #. #...#
###.##### .o##.#.
#...######.......#
.....#.#####................#
.......)..............#.##..#
...........Jo................
....#...).So@.........#.....#
. ########...#####..#.....#
#.......(........#
#...########...### #...#
##.## #...# #.# #...# ##>##
####...# #...###
..#......########......


You could see an orc wizard, an orc, an endoplasm and a ball python.

Vanquished Creatures
  3 adders
  A worm (D:2)
  2 dart slugs (D:1)
  An orc (D:3)
  2 ball pythons (D:1)
  2 bats
  3 endoplasms
  2 giant cockroaches
  10 goblins
  5 hobgoblins
  5 kobolds
  2 quokkas
  A frilled lizard (D:1)
  5 rats
44 creatures vanquished.

Notes
Turn   | Place    | Note
-------+----------+-------------------------------------------
     0 | D:1      | Alitron123 the Octopode Transmuter began the quest for the
                  | Orb.
     0 | D:1      | Reached XP level 1. HP: 13/13 MP: 3/3
   152 | D:1      | Reached XP level 2. HP: 12/18 MP: 5/5
   199 | D:1      | Learned a level 2 spell: Wereblood
   730 | D:1      | Reached XP level 3. HP: 23/23 MP: 6/6
  1024 | D:2      | Reached skill level 1 in Stealth
  1350 | D:2      | Reached XP level 4. HP: 28/28 MP: 7/7
  2185 | D:3      | Frozen to death by an endoplasm

Illustrated notes

Levels and vault maps discovered:
D:1:      psy_arrival_spokes, layout_loops_ring
D:2:      layout_loops_cross, minmay_misc_feat_rugged
D:3:      wander_river, layout_loops_cross, okawaru_trees_1

Skill      XL: |  1  2  3 |
---------------+----------+-----
Stealth        | 2 |  2.5
Fighting       | |  1.2
Dodging        | |  2.5
Shields        | |  0.8
Unarmed Combat | |  3.9
Spellcasting   | |  2.1
Transmutations | |  2.1

Action                   |  1- 3 |  4- 6 || total
-------------------------+-------+-------++-------
Melee: Unarmed           |    45 |       ||    45
       Constrict         |    22 |     8 ||    30
       Tentacles         |    21 |     8 ||    29
       Punch             |     3 |     1 ||     4
       Dagger            |    34 |    39 ||    73
 Cast: Wereblood         |       |     1 ||     1
  Use: Scroll            |     3 |     1 ||     4
       Potion            |     1 |       ||     1
 Stab: Sleeping          |     7 |     4 ||    11
Armor: Skin              |     4 |     9 ||    13
Dodge: Dodged            |    47 |    35 ||    82
Block: Other             |     4 |     8 ||    12

Table legend: (Time is in decaauts)
 A = Elapsed time spent in this place.
 B = Non-inter-level travel time spent in this place.
 C = Inter-level travel time spent in this place.
 D = Time resting spent in this place.
 E = Time spent auto-exploring this place.
 F = Levels seen in this place.
 G = Mean time per level.
                   A        B        C        D        E       F      G
               +--------+--------+--------+--------+--------+-----+--------+
         Total |   2181 |   2022 |    159 |      0 |   1627 |   3 |  727.0 |
       Dungeon |   2181 |   2022 |    159 |      0 |   1627 |   3 |  727.0 |
               +--------+--------+--------+--------+--------+-----+--------+

Top non-repeatable levels by time:
     D:1: 967 daAuts
     D:2: 915 daAuts
     D:3: 297 daAuts
